General information
			
			
        
        - name: BNet
 
        - type: Ladder team game (AT/RT)
 
        - host: Battle.net
 
        - saver: r.a.p.e
 
        
map: TwilightRuins 
        - players: 8
 
        - length: 68:42
 
        - speed: Fast
 - version: 1.28 W3XP
 - replay type:  Public
 
» download(649 KB)
Players
        team 1 (winner) 
              
              
» 
IStillDontCare (
purple | 49 APM | 3353 actions | 68:41)
              
 7 Mountain King 
 3 Storm Bolt
 3 Thunder Clap
 1 Avatar
 3 Archmage 
 1 Blizzard
 2 Summon Water Elemental
 
                » actions 
                
                | Assign group hotkey | 58 |  | 
| Basic commands | 69 |  | 
| Build / train | 103 |  | 
| ESC pressed | 21 |  | 
| Enter build submenu | 48 |  | 
| Enter hero's abilities submenu | 11 |  | 
| Right click | 1511 |  | 
| Select / deselect | 493 |  | 
| Select group hotkey | 892 |  | 
| Use ability | 147 |  | 
                3353 total
 » units 
                
                | Peasant | 26 |  | 
| Rifleman | 16 |  | 
| Sorceress | 6 |  | 
| Priest | 5 |  | 
| Footman | 1 |  | 
                54 total
 » upgrades
                
                | Masonry | 1 |  | 
| Gunpowder | 2 |  | 
| Sorceress Training | 2 |  | 
| Priest Training | 2 |  | 
| Armor | 2 |  | 
                9 total
 » buildings
                
                | Altar of Kings | 1 |  | 
| Farm | 12 |  | 
| Barracks | 1 |  | 
| Blacksmith | 1 |  | 
| Scout Tower | 23 |  | 
| Arcane Vault | 1 |  | 
| Arcane Tower | 7 |  | 
| Town Hall | 1 |  | 
| Lumber Mill | 1 |  | 
| Guard Tower | 9 |  | 
| Keep | 1 |  | 
| Castle | 1 |  | 
| Arcane Sanctum | 2 |  | 
                61 total
 » build order
                00:38 Altar of Kings
00:45 Farm
01:03 Barracks
01:09 Blacksmith
01:27 Farm
02:04 Scout Tower
02:12 Farm
02:20 Arcane Vault
02:45 Arcane Tower
04:11 Town Hall
04:15 Scout Tower
04:28 Lumber Mill
04:31 Scout Tower
05:04 Scout Tower
05:10 Farm
05:19 Farm
05:30 Guard Tower
05:41 Guard Tower
06:41 Keep
06:45 Farm
07:59 Scout Tower
08:49 Guard Tower
08:52 Scout Tower
09:06 Scout Tower
09:09 Scout Tower
09:48 Guard Tower
09:50 Scout Tower
09:51 Scout Tower
09:56 Castle
09:58 Arcane Tower
10:05 Arcane Sanctum
10:07 Arcane Sanctum
10:23 Guard Tower
11:02 Scout Tower
11:04 Scout Tower
11:09 Scout Tower
11:37 Guard Tower
11:38 Arcane Tower
11:39 Guard Tower
11:41 Scout Tower
11:42 Scout Tower
12:10 Arcane Tower
12:10 Arcane Tower
12:17 Scout Tower
12:18 Scout Tower
12:20 Scout Tower
12:37 Farm
12:40 Farm
12:44 Farm
12:48 Guard Tower
12:51 Scout Tower
13:03 Scout Tower
13:05 Scout Tower
13:46 Arcane Tower
15:00 Farm
19:08 Scout Tower
19:09 Scout Tower
19:45 Guard Tower
19:48 Farm
19:52 Farm
» items
                
                | Boots of Speed | 1 |  | 
| Scroll of Town Portal | 4 |  | 
| Orb of Fire | 1 |  | 
| Scroll of Regeneration | 1 |  | 
| Scroll of Protection | 1 |  | 
| Healing Salve | 1 |  | 
| Lesser Clarity Potion | 1 |  | 
                10 total
  
               
              
              
TheGodfatherAC (
green | 49 APM | 3396 actions | 68:41)
              
 6 Blademaster 
 1 Wind Walk
 3 Critical Strike
 1 Mirror Image
 1 Bladestorm
 3 Shadow Hunter 
 1 Healing Wave
 2 Hex
 3 Tauren Chieftain 
 1 Endurance Aura
 2 War Stomp
 
                » actions 
                
                | Assign group hotkey | 1 |  | 
| Basic commands | 54 |  | 
| Build / train | 175 |  | 
| Enter build submenu | 107 |  | 
| Enter hero's abilities submenu | 15 |  | 
| Give item / drop item | 4 |  | 
| Remove unit from queue | 3 |  | 
| Right click | 1918 |  | 
| Select / deselect | 884 |  | 
| Use ability | 234 |  | 
                3396 total
 » units 
                
                | Peon | 23 |  | 
| Grunt | 3 |  | 
| Goblin Shredder | 2 |  | 
| Wind Rider | 11 |  | 
| Spirit Walker | 4 |  | 
| Troll Headhunter/Berserker | 11 |  | 
| Troll Witch Doctor | 12 |  | 
| Shaman | 11 |  | 
| Kodo Beast | 1 |  | 
| Tauren | 2 |  | 
                80 total
 » upgrades
                
                | Armor | 4 |  | 
| Spiked Barricades | 3 |  | 
| Ranged Weapons | 4 |  | 
| Witch Doctor Training | 2 |  | 
| Envenomed Spears | 1 |  | 
| Reinforced Defenses | 2 |  | 
| Shaman Training | 2 |  | 
| Spirit Walker Training | 2 |  | 
| War Drums Damage Increase | 1 |  | 
                21 total
 » buildings
                
                | Altar of Storms | 3 |  | 
| Orc Burrow | 20 |  | 
| Voodoo Lounge | 5 |  | 
| Barracks | 2 |  | 
| War Mill | 2 |  | 
| Stronghold | 2 |  | 
| Great Hall | 6 |  | 
| Watch Tower | 58 |  | 
| Beastiary | 1 |  | 
| Spirit Lodge | 4 |  | 
| Fortress | 4 |  | 
| Tauren Totem | 2 |  | 
                109 total
 » build order
                00:29 Altar of Storms
00:32 Orc Burrow
01:53 Voodoo Lounge
01:58 Voodoo Lounge
02:01 Barracks
02:12 Barracks
02:15 Orc Burrow
02:17 War Mill
04:00 Stronghold
04:00 Stronghold
04:40 Orc Burrow
05:18 Orc Burrow
06:31 Great Hall
06:36 Watch Tower
06:40 Watch Tower
07:01 Beastiary
07:05 Spirit Lodge
07:54 Orc Burrow
07:57 Watch Tower
08:55 Fortress
08:55 Fortress
10:17 Orc Burrow
10:29 Spirit Lodge
12:46 Watch Tower
13:03 Voodoo Lounge
13:48 Orc Burrow
13:53 Orc Burrow
13:56 Watch Tower
14:01 Watch Tower
14:06 Altar of Storms
14:54 Watch Tower
14:58 Watch Tower
15:02 Watch Tower
15:06 Orc Burrow
15:11 Fortress
15:12 Fortress
15:14 Watch Tower
15:19 Spirit Lodge
16:00 Watch Tower
16:40 Watch Tower
16:44 Orc Burrow
16:46 Watch Tower
17:21 Spirit Lodge
17:30 Orc Burrow
17:39 Watch Tower
17:42 Orc Burrow
17:44 Orc Burrow
17:46 Watch Tower
17:51 Watch Tower
18:37 Voodoo Lounge
18:43 Orc Burrow
19:53 Orc Burrow
19:58 Orc Burrow
20:45 Watch Tower
21:57 Watch Tower
22:51 Watch Tower
22:54 Tauren Totem
22:58 Watch Tower
23:03 Watch Tower
23:06 Watch Tower
24:43 Watch Tower
25:45 Great Hall
26:42 Watch Tower
26:45 Watch Tower
26:48 Watch Tower
26:53 Watch Tower
27:15 Great Hall
27:23 Orc Burrow
28:54 Watch Tower
28:58 Watch Tower
29:35 Watch Tower
29:37 Watch Tower
29:39 Watch Tower
29:43 Altar of Storms
30:20 Watch Tower
32:05 Orc Burrow
32:07 Orc Burrow
32:12 Watch Tower
34:28 Watch Tower
36:19 Watch Tower
36:21 Watch Tower
36:27 Watch Tower
38:20 Great Hall
39:06 Watch Tower
39:10 Orc Burrow
39:54 Tauren Totem
45:54 Watch Tower
45:56 Watch Tower
46:02 Watch Tower
46:05 Watch Tower
47:00 Voodoo Lounge
47:36 Watch Tower
49:39 Watch Tower
51:41 War Mill
52:08 Watch Tower
52:11 Watch Tower
53:17 Watch Tower
53:20 Watch Tower
53:25 Watch Tower
54:39 Watch Tower
54:44 Watch Tower
54:50 Watch Tower
54:55 Watch Tower
56:50 Great Hall
56:52 Watch Tower
56:54 Watch Tower
56:58 Watch Tower
57:49 Watch Tower
58:48 Great Hall
» items
                
                | Healing Salve | 1 |  | 
| Scroll of Town Portal | 3 |  | 
| Orb of Lightning | 2 |  | 
| Potion of Healing | 3 |  | 
| Claws of Attack +6 | 2 |  | 
| Claws of Attack +9 | 1 |  | 
| Potion of Invulnerability | 3 |  | 
| Tiny Great Hall | 3 |  | 
| Scroll of Healing | 1 |  | 
| Potion of Lesser Invulnerability | 1 |  | 
| Boots of Speed | 1 |  | 
                21 total
  
               
              
              
r.a.p.e (
orange | 162 APM | 11138 actions | 68:42)
              
 10 Archmage 
 3 Summon Water Elemental
 3 Brilliance Aura
 1 Mass Teleport
 3 Blizzard
 10 Mountain King 
 3 Storm Bolt
 3 Bash
 1 Avatar
 3 Thunder Clap
 
                » actions 
                
                | Assign group hotkey | 133 |  | 
| Basic commands | 1052 |  | 
| Build / train | 257 |  | 
| ESC pressed | 11 |  | 
| Enter build submenu | 68 |  | 
| Enter hero's abilities submenu | 20 |  | 
| Give item / drop item | 5 |  | 
| Remove unit from queue | 1 |  | 
| Right click | 3241 |  | 
| Select / deselect | 1499 |  | 
| Select group hotkey | 4156 |  | 
| Use ability | 695 |  | 
                11138 total
 » units 
                
                | Peasant | 16 |  | 
| Footman | 9 |  | 
| Goblin Shredder | 2 |  | 
| Rifleman | 15 |  | 
| Sorceress | 9 |  | 
| Priest | 10 |  | 
| Spell Breaker | 12 |  | 
| Knight | 2 |  | 
| Goblin Sapper | 4 |  | 
| Siege Engine | 4 |  | 
| Mortar Team | 1 |  | 
                84 total
 » upgrades
                
                | Masonry | 3 |  | 
| Gunpowder | 3 |  | 
| Armor | 3 |  | 
| Long Rifles | 1 |  | 
| Sorceress Training | 2 |  | 
| Priest Training | 2 |  | 
| Plating | 3 |  | 
| Swords | 4 |  | 
| Animal War Training | 1 |  | 
| Control Magic | 1 |  | 
| Magic Sentry | 1 |  | 
| Barrage | 1 |  | 
| Flare | 1 |  | 
                26 total
 » buildings
                
                | Altar of Kings | 1 |  | 
| Barracks | 2 |  | 
| Farm | 18 |  | 
| Scout Tower | 33 |  | 
| Lumber Mill | 1 |  | 
| Arcane Tower | 13 |  | 
| Arcane Vault | 2 |  | 
| Town Hall | 4 |  | 
| Guard Tower | 37 |  | 
| Keep | 5 |  | 
| Blacksmith | 1 |  | 
| Arcane Sanctum | 2 |  | 
| Castle | 4 |  | 
| Workshop | 2 |  | 
                125 total
 » build order
                00:48 Altar of Kings
00:53 Barracks
00:55 Farm
01:04 Farm
01:14 Farm
01:53 Scout Tower
02:04 Lumber Mill
02:19 Arcane Tower
02:19 Arcane Tower
02:31 Arcane Vault
03:36 Farm
03:43 Farm
03:55 Town Hall
04:32 Scout Tower
05:02 Arcane Tower
05:02 Arcane Tower
05:13 Scout Tower
06:01 Guard Tower
06:03 Scout Tower
06:48 Keep
06:48 Keep
06:55 Guard Tower
06:55 Guard Tower
07:43 Blacksmith
08:24 Scout Tower
08:25 Scout Tower
08:51 Guard Tower
09:16 Arcane Sanctum
09:17 Arcane Sanctum
09:47 Scout Tower
09:49 Castle
09:49 Castle
09:49 Castle
10:04 Scout Tower
10:05 Scout Tower
10:10 Scout Tower
10:22 Guard Tower
10:22 Guard Tower
10:36 Guard Tower
10:36 Guard Tower
10:37 Guard Tower
10:37 Guard Tower
10:37 Guard Tower
10:45 Guard Tower
10:46 Guard Tower
12:06 Farm
12:07 Farm
12:08 Farm
12:35 Barracks
13:51 Farm
15:24 Farm
15:26 Farm
22:19 Farm
27:13 Town Hall
27:14 Scout Tower
27:15 Scout Tower
27:15 Scout Tower
27:16 Scout Tower
27:17 Scout Tower
27:19 Scout Tower
27:48 Arcane Tower
27:48 Arcane Tower
27:49 Guard Tower
27:49 Guard Tower
31:21 Guard Tower
31:21 Guard Tower
31:21 Guard Tower
32:41 Workshop
32:42 Workshop
42:32 Scout Tower
42:35 Scout Tower
42:37 Scout Tower
43:03 Arcane Tower
43:03 Arcane Tower
43:04 Guard Tower
43:04 Guard Tower
45:43 Farm
45:43 Farm
45:47 Farm
45:47 Farm
45:57 Guard Tower
45:57 Guard Tower
49:38 Town Hall
49:41 Scout Tower
49:42 Scout Tower
49:43 Scout Tower
50:04 Town Hall
50:15 Guard Tower
50:15 Guard Tower
52:50 Scout Tower
52:54 Scout Tower
53:26 Guard Tower
53:26 Guard Tower
53:26 Guard Tower
53:28 Scout Tower
53:30 Scout Tower
54:24 Guard Tower
54:24 Guard Tower
54:24 Guard Tower
54:29 Scout Tower
54:37 Scout Tower
54:53 Scout Tower
54:54 Scout Tower
54:55 Scout Tower
55:03 Guard Tower
55:24 Guard Tower
55:24 Guard Tower
55:59 Guard Tower
55:59 Guard Tower
56:00 Arcane Tower
56:00 Arcane Tower
56:01 Arcane Tower
56:52 Arcane Vault
57:55 Keep
57:55 Keep
57:55 Keep
57:59 Scout Tower
58:31 Scout Tower
58:36 Guard Tower
58:36 Guard Tower
59:06 Arcane Tower
59:06 Arcane Tower
62:15 Farm
62:17 Farm
66:34 Castle
» items
                
                | Scroll of Regeneration | 12 |  | 
| Mechanical Critter | 8 |  | 
| Sentry Wards | 1 |  | 
| Staff of Sanctuary | 1 |  | 
| Boots of Speed | 1 |  | 
| Periapt of Vitality | 1 |  | 
| Circlet of Nobility | 1 |  | 
| Scroll of Protection | 1 |  | 
| Potion of Lesser Invulnerability | 1 |  | 
| Scroll of Town Portal | 5 |  | 
| Orb of Lightning | 1 |  | 
| Lesser Clarity Potion | 1 |  | 
| Orb of Fire | 1 |  | 
| Claws of Attack +9 | 1 |  | 
| Talisman of Evasion | 1 |  | 
| Potion of Invulnerability | 1 |  | 
| Tiny Great Hall | 1 |  | 
| Pendant of Energy | 1 |  | 
                40 total
  
               
              
              
chumly (
red | 64 APM | 722 actions | 11:13)
              
 3 Tauren Chieftain 
 2 War Stomp
 1 Endurance Aura
 1 Shadow Hunter 
 1 Healing Wave
 
                » actions 
                
                | Assign group hotkey | 12 |  | 
| Build / train | 34 |  | 
| Enter build submenu | 17 |  | 
| Enter hero's abilities submenu | 4 |  | 
| Give item / drop item | 1 |  | 
| Right click | 261 |  | 
| Select / deselect | 147 |  | 
| Select group hotkey | 215 |  | 
| Use ability | 31 |  | 
                722 total
 » units 
                
                | Peon | 11 |  | 
| Troll Headhunter/Berserker | 13 |  | 
                24 total
 » upgrades
                » buildings
                
                | Barracks | 1 |  | 
| Orc Burrow | 5 |  | 
| War Mill | 1 |  | 
| Altar of Storms | 1 |  | 
| Voodoo Lounge | 1 |  | 
| Stronghold | 1 |  | 
| Watch Tower | 4 |  | 
| Great Hall | 1 |  | 
                15 total
 » build order
                00:35 Barracks
00:46 Orc Burrow
00:56 War Mill
01:33 Orc Burrow
01:36 Altar of Storms
02:24 Orc Burrow
02:50 Voodoo Lounge
05:15 Stronghold
06:20 Orc Burrow
06:42 Watch Tower
06:44 Watch Tower
06:45 Watch Tower
07:31 Orc Burrow
07:56 Great Hall
09:06 Watch Tower
» items
                
                | Healing Salve | 1 |  | 
| Lesser Clarity Potion | 1 |  | 
                2 total
  
               team 2 (loser) 
              
              
» 
aSuckledFeaster (
teal | 58 APM | 3986 actions | 68:41)
              
 5 Shadow Hunter 
 3 Healing Wave
 2 Serpent Ward
 5 Tauren Chieftain 
 2 Endurance Aura
 2 War Stomp
 1 Shockwave
 2 Blademaster 
 1 Critical Strike
 1 Mirror Image
 
                » actions 
                
                | Assign group hotkey | 39 |  | 
| Build / train | 107 |  | 
| ESC pressed | 10 |  | 
| Enter build submenu | 23 |  | 
| Enter hero's abilities submenu | 12 |  | 
| Give item / drop item | 2 |  | 
| Right click | 2619 |  | 
| Select / deselect | 568 |  | 
| Select group hotkey | 468 |  | 
| Use ability | 138 |  | 
                3986 total
 » units 
                
                | Peon | 14 |  | 
| Grunt | 11 |  | 
| Tauren | 10 |  | 
| Makrura Deepseer | 1 |  | 
| Giant Sea Turtle | 1 |  | 
| Mur'gul Snarecaster | 1 |  | 
| Wind Rider | 23 |  | 
| Kodo Beast | 2 |  | 
| Raider | 2 |  | 
                65 total
 » upgrades
                
                | Pillage | 1 |  | 
| Armor | 4 |  | 
| Berserker Strength | 1 |  | 
| Melee Weapons | 3 |  | 
| Pulverize | 1 |  | 
| Ranged Weapons | 1 |  | 
| War Drums Damage Increase | 1 |  | 
                12 total
 » buildings
                
                | Altar of Storms | 1 |  | 
| Orc Burrow | 9 |  | 
| Barracks | 1 |  | 
| Voodoo Lounge | 1 |  | 
| War Mill | 1 |  | 
| Watch Tower | 3 |  | 
| Stronghold | 1 |  | 
| Fortress | 1 |  | 
| Tauren Totem | 2 |  | 
| Great Hall | 1 |  | 
                21 total
 » build order
                00:10 Altar of Storms
00:22 Orc Burrow
00:37 Barracks
01:41 Orc Burrow
01:56 Voodoo Lounge
02:14 War Mill
03:32 Watch Tower
03:51 Stronghold
04:16 Orc Burrow
05:15 Orc Burrow
05:19 Watch Tower
06:54 Orc Burrow
09:02 Fortress
09:09 Orc Burrow
11:46 Tauren Totem
11:48 Tauren Totem
12:22 Orc Burrow
14:20 Great Hall
19:12 Orc Burrow
29:45 Orc Burrow
33:14 Watch Tower
» items
                
                | Healing Salve | 2 |  | 
| Lesser Clarity Potion | 3 |  | 
| Wand of Lightning Shield | 1 |  | 
| Scroll of Speed | 3 |  | 
| Potion of Healing | 1 |  | 
| Potion of Mana | 1 |  | 
| Scroll of Healing | 1 |  | 
| Scroll of Protection | 1 |  | 
                13 total
  
               
              
              
ecupirate (
blue | 36 APM | 2110 actions | 58:34)
              
 11 Blademaster 
 3 Wind Walk
 3 Critical Strike
 2 Bladestorm
 3 Mirror Image
 
                » actions 
                
                | Basic commands | 2 |  | 
| Build / train | 71 |  | 
| Enter build submenu | 23 |  | 
| Enter hero's abilities submenu | 11 |  | 
| Give item / drop item | 3 |  | 
| Right click | 1579 |  | 
| Select / deselect | 328 |  | 
| Use ability | 93 |  | 
                2110 total
 » units 
                
                | Peon | 21 |  | 
| Wind Rider | 4 |  | 
| Goblin Sapper | 2 |  | 
                27 total
 » upgrades
                
                | Ranged Weapons | 2 |  | 
| Armor | 1 |  | 
| Reinforced Defenses | 1 |  | 
| Shaman Training | 2 |  | 
| Spiked Barricades | 1 |  | 
| Envenomed Spears | 1 |  | 
                8 total
 » buildings
                
                | Altar of Storms | 1 |  | 
| Orc Burrow | 7 |  | 
| Voodoo Lounge | 1 |  | 
| War Mill | 1 |  | 
| Stronghold | 1 |  | 
| Great Hall | 3 |  | 
| Beastiary | 4 |  | 
| Fortress | 1 |  | 
| Spirit Lodge | 1 |  | 
| Watch Tower | 4 |  | 
                24 total
 » build order
                00:08 Altar of Storms
00:12 Orc Burrow
01:05 Voodoo Lounge
01:16 Orc Burrow
01:51 War Mill
03:03 Stronghold
03:37 Great Hall
03:52 Orc Burrow
05:17 Orc Burrow
05:31 Beastiary
05:35 Beastiary
05:49 Beastiary
05:51 Fortress
06:54 Beastiary
07:00 Orc Burrow
08:47 Spirit Lodge
09:17 Orc Burrow
29:39 Orc Burrow
38:52 Great Hall
39:00 Great Hall
39:05 Watch Tower
39:07 Watch Tower
39:12 Watch Tower
39:14 Watch Tower
» items
                
                | Healing Salve | 7 |  | 
| Circlet of Nobility | 2 |  | 
| Boots of Speed | 1 |  | 
| Potion of Healing | 2 |  | 
| Scroll of Town Portal | 5 |  | 
| Orb of Lightning | 1 |  | 
| Lesser Clarity Potion | 1 |  | 
| Scroll of Regeneration | 1 |  | 
                20 total
  
               
              
              
PHANTOM-PAIN (
yellow | 57 APM | 1664 actions | 29:19)
              
 5 Blademaster 
 3 Wind Walk
 2 Critical Strike
 
                » actions 
                
                | Assign group hotkey | 35 |  | 
| Basic commands | 61 |  | 
| Build / train | 55 |  | 
| Enter build submenu | 33 |  | 
| Enter hero's abilities submenu | 5 |  | 
| Give item / drop item | 2 |  | 
| Remove unit from queue | 1 |  | 
| Right click | 688 |  | 
| Select / deselect | 175 |  | 
| Select group hotkey | 496 |  | 
| Use ability | 113 |  | 
                1664 total
 » units 
                
                | Peon | 11 |  | 
| Goblin Shredder | 5 |  | 
| Wind Rider | 7 |  | 
| Goblin Zeppelin | 1 |  | 
| Goblin Sapper | 2 |  | 
                26 total
 » upgrades
                
                | Reinforced Defenses | 1 |  | 
| Envenomed Spears | 1 |  | 
| Ranged Weapons | 2 |  | 
| Armor | 2 |  | 
| Liquid Fire | 1 |  | 
                7 total
 » buildings
                
                | Altar of Storms | 1 |  | 
| Orc Burrow | 7 |  | 
| Voodoo Lounge | 1 |  | 
| Stronghold | 2 |  | 
| War Mill | 2 |  | 
| Great Hall | 1 |  | 
| Watch Tower | 37 |  | 
| Fortress | 3 |  | 
| Beastiary | 3 |  | 
                57 total
 » build order
                00:07 Altar of Storms
00:18 Orc Burrow
01:01 Voodoo Lounge
02:06 Stronghold
02:06 Stronghold
02:32 Orc Burrow
02:33 Orc Burrow
02:33 Orc Burrow
02:59 War Mill
03:05 War Mill
03:58 Great Hall
05:34 Watch Tower
05:35 Watch Tower
05:35 Watch Tower
05:36 Watch Tower
06:18 Fortress
06:18 Fortress
06:19 Fortress
06:45 Beastiary
06:46 Beastiary
06:58 Watch Tower
07:03 Watch Tower
07:15 Beastiary
07:23 Watch Tower
07:50 Watch Tower
07:56 Watch Tower
08:00 Watch Tower
09:19 Watch Tower
09:28 Watch Tower
09:29 Watch Tower
10:07 Watch Tower
10:08 Watch Tower
10:13 Watch Tower
11:24 Watch Tower
11:28 Orc Burrow
11:32 Orc Burrow
12:05 Watch Tower
16:10 Orc Burrow
16:49 Watch Tower
18:03 Watch Tower
18:04 Watch Tower
18:04 Watch Tower
19:51 Watch Tower
19:51 Watch Tower
19:52 Watch Tower
20:17 Watch Tower
20:36 Watch Tower
21:37 Watch Tower
21:38 Watch Tower
22:22 Watch Tower
22:23 Watch Tower
22:23 Watch Tower
22:24 Watch Tower
24:55 Watch Tower
24:55 Watch Tower
24:57 Watch Tower
24:58 Watch Tower
» items
                
                | Healing Salve | 3 |  | 
| Lesser Clarity Potion | 2 |  | 
| Orb of Lightning | 1 |  | 
| Staff of Teleportation | 1 |  | 
| Tiny Great Hall | 1 |  | 
| Scroll of Town Portal | 1 |  | 
                9 total
  
               
              
              
OLIM1 (
pink | 60 APM | 4088 actions | 68:41)
              
 8 Archmage 
 3 Summon Water Elemental
 3 Brilliance Aura
 1 Mass Teleport
 1 Blizzard
 
                » actions 
                
                | Assign group hotkey | 94 |  | 
| Basic commands | 1 |  | 
| Build / train | 126 |  | 
| Enter build submenu | 66 |  | 
| Enter hero's abilities submenu | 8 |  | 
| Give item / drop item | 4 |  | 
| Remove unit from queue | 1 |  | 
| Right click | 1743 |  | 
| Select / deselect | 624 |  | 
| Select group hotkey | 1228 |  | 
| Use ability | 193 |  | 
                4088 total
 » units 
                
                | Peasant | 25 |  | 
| Footman | 3 |  | 
| Rifleman | 25 |  | 
| Priest | 3 |  | 
| Flying Machine | 4 |  | 
| Mortar Team | 13 |  | 
| Peon | 2 |  | 
                75 total
 » upgrades
                » buildings
                
                | Altar of Kings | 3 |  | 
| Farm | 27 |  | 
| Barracks | 5 |  | 
| Scout Tower | 8 |  | 
| Arcane Tower | 1 |  | 
| Blacksmith | 2 |  | 
| Arcane Vault | 2 |  | 
| Keep | 2 |  | 
| Arcane Sanctum | 1 |  | 
| Workshop | 3 |  | 
| Castle | 1 |  | 
| Lumber Mill | 2 |  | 
| Town Hall | 5 |  | 
| Guard Tower | 5 |  | 
| Orc Burrow | 2 |  | 
                69 total
 » build order
                00:15 Altar of Kings
00:22 Farm
00:34 Barracks
01:04 Farm
01:40 Scout Tower
02:12 Arcane Tower
02:53 Blacksmith
03:20 Farm
04:02 Arcane Vault
04:17 Barracks
05:08 Farm
05:09 Keep
06:07 Farm
07:22 Farm
08:10 Arcane Sanctum
11:24 Workshop
13:16 Farm
13:17 Castle
13:58 Farm
14:55 Farm
14:59 Lumber Mill
16:21 Farm
17:14 Scout Tower
17:17 Scout Tower
18:14 Town Hall
20:10 Guard Tower
24:30 Farm
24:42 Farm
25:21 Farm
26:10 Altar of Kings
26:19 Farm
26:34 Blacksmith
26:38 Barracks
27:58 Barracks
28:02 Arcane Vault
28:29 Barracks
28:36 Lumber Mill
29:08 Scout Tower
29:13 Farm
31:51 Farm
31:59 Farm
32:06 Farm
32:17 Keep
32:27 Farm
32:31 Scout Tower
32:33 Guard Tower
33:01 Guard Tower
33:11 Scout Tower
34:43 Workshop
35:51 Workshop
38:20 Guard Tower
38:26 Scout Tower
39:08 Guard Tower
39:11 Scout Tower
41:49 Town Hall
49:02 Town Hall
51:37 Farm
55:25 Town Hall
55:41 Town Hall
56:45 Altar of Kings
59:10 Farm
60:12 Farm
60:50 Farm
61:51 Orc Burrow
63:40 Farm
64:55 Farm
65:23 Orc Burrow
65:50 Farm
66:49 Farm
» items
                
                | Scroll of Regeneration | 3 |  | 
| Boots of Speed | 2 |  | 
| Scroll of Town Portal | 11 |  | 
| Potion of Healing | 4 |  | 
| Potion of Mana | 2 |  | 
| Circlet of Nobility | 2 |  | 
| Potion of Lesser Invulnerability | 5 |  | 
| Lesser Clarity Potion | 2 |  | 
                31 total
  
                Chat log
          (00:24 / Allies) chumly: units?
(00:37 / Allies) r.a.p.e: yeah man I like making units
(00:55 / Allies) TheGodfatherAC: depens what youre going red
(01:03 / Allies) TheGodfatherAC: i usally go cast wyv bu we can split cast 
(01:03 / Allies) chumly: ok im hh caster
(01:40 / Allies) TheGodfatherAC: ill go witch then
(01:42 / All) PHANTOM-PAIN: blizzcon today, no wc3 remaster announced
(01:42 / Allies) TheGodfatherAC: you sham?
(02:04 / Allies) chumly: whos melee
(02:49 / Allies) TheGodfatherAC: pruple?
(02:53 / Allies) IStillDontCare: yep
(02:59 / Allies) TheGodfatherAC: help me clear mine after pzl
(03:05 / Allies) IStillDontCare: sure
(03:18 / Allies) TheGodfatherAC: militia?
(03:26 / Allies) IStillDontCare: otw
(03:56 / Allies) TheGodfatherAC: you want ring
(04:03 / Allies) IStillDontCare: nah leave it
(06:09 / Allies) IStillDontCare: whoops sry
(08:09 / Allies) TheGodfatherAC: spare gold pzl
(10:34 / Allies) r.a.p.e: my base
(10:54 / Allies) TheGodfatherAC: ;ets
(10:56 / Allies) TheGodfatherAC: jhe;l[
(10:56 / Allies) TheGodfatherAC: red
(10:58 / Allies) TheGodfatherAC: help red plz
(11:11 / Allies) TheGodfatherAC: prupel tp tp red
(11:24 / Allies) r.a.p.e: idiots it's not over yet
(11:25 / Allies) r.a.p.e: we got this
(12:07 / Allies) TheGodfatherAC: red 
(12:08 / Allies) TheGodfatherAC: you go tauren
(12:19 / Allies) TheGodfatherAC: red goes taruen
(13:16 / Allies) TheGodfatherAC: anyonoe gonan help red or nah
(13:20 / Allies) IStillDontCare: i got
(13:25 / Allies) r.a.p.e: aight I'll tp if needed
(13:38 / Allies) r.a.p.e: looks like you got it
(13:54 / Allies) IStillDontCare: help?
(14:13 / Allies) r.a.p.e: can't do much with my army unless there's someone else
(14:18 / Allies) IStillDontCare: yeah me
(15:22 / Allies) TheGodfatherAC: sham with red
(15:41 / Allies) TheGodfatherAC: i got wards
(15:43 / Allies) TheGodfatherAC: lets meet and atkc
(16:18 / Allies) r.a.p.e: careful purp
(17:48 / All) aSuckledFeaster: yellow tking us all
(17:50 / All) aSuckledFeaster: gg
(17:52 / All) r.a.p.e: you suck
(18:00 / All) r.a.p.e: sh first lol
(19:36 / Allies) IStillDontCare: meetin up oj
(19:38 / Allies) TheGodfatherAC: back orange
(20:05 / Allies) IStillDontCare: go
(20:07 / Allies) IStillDontCare: green go
(22:54 / All) aSuckledFeaster: gg
(23:03 / All) r.a.p.e: out
(23:47 / Allies) TheGodfatherAC: tp to my expo
(23:50 / Allies) IStillDontCare: omw
(25:33 / Allies) TheGodfatherAC: fuckign yellow topwered
(25:47 / All) aSuckledFeaster: yellow tk'd threw the game, gg trying to blame it on us
(25:55 / All) r.a.p.e: i'm tking too
(25:56 / All) r.a.p.e: quit whining
(26:00 / All) r.a.p.e: you aren't at a disadvantage you big baby
(26:02 / All) aSuckledFeaster: well it's a race!
(26:03 / All) r.a.p.e: keep making excuses
(26:18 / Allies) IStillDontCare: you mad orange?
(26:18 / Allies) TheGodfatherAC: i mever said i was bro..
(26:24 / Allies) r.a.p.e: not at all
(26:31 / Allies) r.a.p.e: why would I be mad
(26:36 / Allies) IStillDontCare: making it even?
(26:36 / Allies) TheGodfatherAC: wtf bro then play
(26:42 / Allies) r.a.p.e: yeah
(26:44 / Allies) r.a.p.e: I'm true neutral
(26:47 / Allies) r.a.p.e: and this side is stronger
(26:48 / Allies) r.a.p.e: time to even it out
(26:49 / Allies) IStillDontCare: good luck theyre horrible
(27:41 / All) TheGodfatherAC: Wow
(27:42 / Allies) TheGodfatherAC: GG
(27:45 / All) ecupirate: ?
(27:46 / All) PHANTOM-PAIN: out noobs
(27:47 / Allies) TheGodfatherAC: i give up idk why peopel cant juwt play
(27:55 / Allies) r.a.p.e: I'm playing
(27:57 / Allies) r.a.p.e: just not how you want
(28:02 / Allies) IStillDontCare: hes having fun
(29:09 / All) TheGodfatherAC: So 
(29:11 / Allies) TheGodfatherAC: we lose orange?
(29:12 / Allies) TheGodfatherAC: or is it even now
(29:16 / Allies) r.a.p.e: not yet
(29:19 / All) aSuckledFeaster: my fuckin buddy nooooooo!!!!
(29:20 / Allies) TheGodfatherAC: they have mass tauren and wyv
(29:29 / Allies) r.a.p.e: aight we're winning this now
(31:17 / Allies) IStillDontCare: you shouldnt have 3 expos when i have not 1
(31:23 / Allies) IStillDontCare: had to be done
(32:27 / Allies) IStillDontCare: you didnt even leave a peasant orange?
(32:29 / Allies) IStillDontCare: low...
(34:58 / Allies) TheGodfatherAC: wood plz
(35:02 / Allies) TheGodfatherAC: pruple
(35:49 / Allies) TheGodfatherAC: wats the plan oragen
(35:58 / Allies) r.a.p.e: not sure we got this
(36:00 / Allies) IStillDontCare: defr not even now
(36:02 / Allies) r.a.p.e: plan is win
(36:04 / Allies) IStillDontCare: some gold for hero?
(36:11 / Allies) r.a.p.e: yellow has a lot of gold but they suck
(38:08 / Allies) IStillDontCare: gangs all here
(38:14 / Allies) TheGodfatherAC: wardign the whole mapo
(39:59 / Allies) IStillDontCare: youre gonna get picked
(40:12 / Allies) IStillDontCare: eventually
(40:17 / Allies) r.a.p.e: picked?
(40:21 / Allies) IStillDontCare: picked off
(40:25 / Allies) IStillDontCare: its a military term
(40:38 / Allies) IStillDontCare: like foxhole, tango, and royally fucked
(40:42 / Allies) r.a.p.e: oh ok
(40:50 / Allies) TheGodfatherAC: all meet
(40:54 / Allies) TheGodfatherAC: and get gold mine secured
(40:54 / Allies) IStillDontCare: eh
(40:56 / Allies) IStillDontCare: long walk
(41:26 / Allies) IStillDontCare: were gonna have to hit up a mine eventually
(41:53 / Allies) IStillDontCare: ?
(43:11 / Allies) TheGodfatherAC: we lsoe unless we secure that mine
(43:20 / Allies) IStillDontCare: we lose anyway
(43:24 / Allies) TheGodfatherAC: \no we wont
(43:33 / Allies) IStillDontCare: theres your pick
(44:17 / Allies) TheGodfatherAC: coem plz
(44:28 / Allies) IStillDontCare: aint gonna happen
(44:31 / Allies) r.a.p.e: omw
(44:34 / Allies) IStillDontCare: orange is OFP
(45:12 / Allies) TheGodfatherAC: il secure
(45:13 / Allies) TheGodfatherAC: adn feed gold
(45:27 / Allies) IStillDontCare: some gs?
(45:31 / Allies) TheGodfatherAC: he;lp m,e control prupel
(45:46 / Allies) r.a.p.e: shit lost my mine
(46:15 / Allies) TheGodfatherAC: keep spirt linking my untis prupel
(46:16 / Allies) TheGodfatherAC: plz
(46:21 / Allies) TheGodfatherAC: so blade fcant pikc them off
(46:55 / All) r.a.p.e: out
(47:44 / Allies) r.a.p.e: gonna try to take mid right expo soon
(48:24 / Allies) TheGodfatherAC: secure this expo orange
(48:27 / Allies) TheGodfatherAC: grab item at my shop
(48:31 / Allies) r.a.p.e: kk
(48:43 / Allies) TheGodfatherAC: shop ehre orange
(48:53 / Allies) r.a.p.e: dont need items right now and no income
(49:02 / Allies) TheGodfatherAC: yea to get expo
(50:32 / Allies) IStillDontCare: some gold green?
(51:04 / Allies) IStillDontCare: need more for my hero
(51:10 / Allies) IStillDontCare: 400
(51:20 / Allies) TheGodfatherAC: orange
(51:25 / Allies) TheGodfatherAC: get item form y shop to build fast townhall
(51:29 / Allies) r.a.p.e: kk
(51:32 / Allies) TheGodfatherAC: wood me
(51:52 / Allies) TheGodfatherAC: need 100 wood plz
(52:22 / Allies) r.a.p.e: green can you put your army at my expo
(52:24 / Allies) r.a.p.e: abou to defend from pink
(52:29 / Allies) r.a.p.e: and then tp right back
(52:31 / Allies) TheGodfatherAC: expo ehre
(52:39 / Allies) TheGodfatherAC: i already woered it for y ou
(52:48 / Allies) r.a.p.e: shit too late thought that was yours
(53:29 / All) IStillDontCare: god its 2v1 wherever you go just fight em
(53:34 / All) IStillDontCare: buncha pussies
(53:36 / All) r.a.p.e: out
(53:37 / All) r.a.p.e: you lose
(53:42 / All) ecupirate: lol sure
(55:27 / Allies) TheGodfatherAC: ok now we win
(55:37 / Allies) r.a.p.e: got his level 10 bm
(55:38 / Allies) TheGodfatherAC: took an extra hour but fuck it
(57:31 / All) r.a.p.e: leave
(58:02 / All) OLIM1: must be nice not to have a tk
(58:06 / All) r.a.p.e: I tked my team
(58:07 / All) r.a.p.e: idiot
(58:09 / All) r.a.p.e: and still beat you
(58:10 / All) TheGodfatherAC: facts
(58:10 / All) r.a.p.e: LOL
(58:10 / All) IStillDontCare: you for real?
(58:12 / All) r.a.p.e: yes
(58:14 / All) TheGodfatherAC: hence why it took so long
(58:16 / All) r.a.p.e: pink
(58:16 / All) IStillDontCare: how do you think i lost everything?
(58:17 / All) r.a.p.e: I TKED
(58:18 / All) OLIM1: lol
(58:26 / All) OLIM1: must be nice
(58:57 / All) r.a.p.e: GG
(59:02 / Allies) r.a.p.e: gj
(59:59 / All) r.a.p.e: good tp
(61:58 / All) r.a.p.e: bye
(64:04 / All) r.a.p.e: pathetic
(64:04 / Allies) TheGodfatherAC: }
(64:07 / All) TheGodfatherAC: I got time for one more game
(64:10 / All) TheGodfatherAC: leave plz and searhc gaain
(64:40 / All) r.a.p.e: you can leave
(66:01 / All) r.a.p.e: rez a bm plz so I can kill it again
(66:20 / All) TheGodfatherAC: ezz
(66:25 / All) r.a.p.e: another am to kill?
(66:30 / All) r.a.p.e: I want more hero kills on the score screen
(67:09 / Allies) r.a.p.e: saw a wyvern lol
(67:16 / All) r.a.p.e: LOL
(67:17 / All) r.a.p.e: PATHETIC
(68:14 / All) TheGodfatherAC: fail
(68:21 / All) OLIM1: aww